Map: Eastwatch LE

Players

Honor - Winner!

  • Race: Zerg Zerg
  • League: Master
  • Spawn Location: 1:00

A.I. 1 (Elite)

  • Race: Protoss Protoss
  • Spawn Location: 7:00

VOD

Have the link to the VOD?

Description

Time

  • Played on: April 11, 2018, 8:42 a.m.
  • Length: 9:19
Show
View Real Time Build Order
Export as new Build Order

Honor Zerg - Winner!

Build Orders: Hatch First 

Get SALT Encoding   

  12  0:01  Drone  
  13  0:12  Overlord  
  13  0:16  Drone  
  14  0:31  Drone x2  
  14  0:34  Drone  
  17  0:54  Hatchery  
  16  0:57  Drone  
  16  1:00  Drone  
  18  1:15  Spawning Pool  
  18  1:17  Drone  
  18  1:21  Drone  
  19  1:43  Drone  
  19  1:45  Hatchery  
  19  1:46  Drone  
  20  1:48  Extractor  
  20  1:50  Drone  
  20  2:01  Queen  
  22  2:09  Queen  
  22  2:13  Zergling x2  
  25  2:15  Zergling x2  
  25  2:21  Overlord  
  26  2:26  Drone  
  26  2:29  Drone  
  28  2:42  Drone  
  28  2:43  Drone x2  
  31  2:50  Metabolic Boost  
  31  2:54  Drone x2  
  31  2:55  Drone  
  34  3:02  Queen  
  36  3:08  Drone x2  
  36  3:09  Drone  
  36  3:11  Drone  
  40  3:17  Overlord  
  40  3:24  Extractor  
  40  3:26  Extractor  
  38  3:28  Drone x4  
  38  3:33  Spore Crawler  
  41  3:42  Spore Crawler  
  41  3:47  Drone x2  
  41  3:48  Drone x3  
  45  3:49  Drone x2  
  47  3:58  Lair  
  47  4:11  Roach Warren  
  47  4:12  Drone  
  47  4:13  Evolution Chamber, Drone  
  47  4:17  Overlord  
  47  4:27  Drone x3  
  47  4:28  Overlord  
  50  4:34  Spore Crawler  
  50  4:38  Drone x4  
  51  4:39  Drone  
  51  4:41  Drone  
  55  4:47  Zerg Missile Weapons Level 1  
  55  4:53  Drone x2  
  55  4:54  Drone, Overlord  
  55  4:57  Glial Reconstitution  
  58  5:00  Extractor  
  58  5:02  Hydralisk Den  
  58  5:03  Drone  
  58  5:04  Drone  
  58  5:05  Drone  
  59  5:07  Drone  
  59  5:09  Drone  
  61  5:19  Overlord x2  
  61  5:21  Roach x3  
  67  5:33  Grooved Spines  
  69  5:35  Roach  
  69  5:36  Roach x2  
  73  5:47  Roach x6  
  73  5:48  Roach x2  
  73  5:49  Overlord  
  89  5:51  Overlord  
  89  6:02  Overlord x3  
  89  6:13  Roach x4  
  89  6:14  Roach x4  
  105  6:24  Roach x5  
  115  6:38  Overlord x2  
  115  6:39  Roach x4  
  123  6:43  Zerg Missile Weapons Level 2  
  123  6:45  Muscular Augments  
  123  6:50  Drone, Extractor  
  123  6:51  Drone x2, Extractor  
  123  6:52  Drone x2  
  123  6:53  Drone x2  
  128  6:56  Roach  
  128  6:57  Roach  
  132  7:02  Roach x2  
  132  7:04  Overseer  
  136  7:09  Roach x3  
  136  7:13  Overlord x2  
  142  7:15  Overlord  
  142  7:24  Hydralisk x2  
  146  7:31  Overlord x2  
  146  7:33  Hydralisk  
  146  7:34  Hydralisk x2  
  146  7:36  Hydralisk  
  152  7:50  Hydralisk  
  144  7:51  Hydralisk x4  
  142  7:59  Hydralisk x3  
  142  8:00  Hydralisk  
  148  8:09  Hydralisk x3  
  148  8:10  Hydralisk  
  156  8:13  Hydralisk  
  158  8:24  Hydralisk x4  
  166  8:36  Hydralisk  
  166  8:37  Hydralisk x4  
  172  8:48  Hydralisk  
  172  8:49  Hydralisk x3  
  178  9:00  Overlord x2  
Show
View Real Time Build Order
Export as new Build Order

A.I. 1 (Elite) Protoss 

Build Orders: Colossus Rush 

Get SALT Encoding   

  12  0:00  Probe  
  13  0:13  Probe  
  14  0:19  Pylon  
  14  0:25  Probe  
  15  0:34  Probe  
  15  0:42  Probe  
  16  0:47  Assimilator  
  17  0:51  Probe, Gateway  
  18  0:59  Probe  
  18  1:02  Pylon  
  19  1:07  Probe  
  20  1:18  Probe  
  21  1:30  Probe  
  22  1:38  Zealot  
  24  1:42  Probe, Cybernetics Core  
  25  2:00  Nexus  
  25  2:03  Probe  
  26  2:10  Warp Gate  
  26  2:15  Probe  
  27  2:20  Stalker  
  29  2:27  Probe  
  29  2:29  Pylon  
  30  2:39  Probe  
  30  2:41  Gateway  
  30  2:43  Assimilator  
  31  2:50  Adept  
  33  2:51  Probe  
  33  2:56  Pylon  
  34  3:02  Probe  
  34  3:10  Probe  
  34  3:12  Probe  
  35  3:17  Adept  
  35  3:18  Probe  
  38  3:24  Probe  
  40  3:31  Robotics Facility  
  40  3:35  Adept  
  40  3:37  Probe  
  40  3:39  Probe  
  44  3:44  Adept  
  46  3:49  Probe  
  46  3:51  Probe  
  48  3:58  Adept  
  48  3:59  Probe  
  49  4:04  Probe  
  49  4:07  Probe  
  52  4:16  Probe  
  54  4:19  Adept  
  54  4:22  Robotics Bay, Probe  
  57  4:24  Pylon  
  57  4:26  Observer  
  57  4:28  Probe  
  59  4:34  Probe  
  59  4:35  Robotics Facility  
  60  4:40  Pylon  
  60  4:42  Stalker  
  62  4:46  Stalker  
  62  4:51  Probe  
  66  4:52  Probe  
  66  4:53  Pylon  
  66  5:11  Gateway  
  66  5:22  Colossus, Zealot  
  66  5:25  Pylon, Zealot  
  76  5:35  Pylon  
  76  5:36  Zealot  
  78  5:44  Zealot  
  78  5:45  Probe x2  
  78  5:46  Assimilator  
  78  5:49  Assimilator  
  82  5:53  Forge, Sentry  
  84  5:57  Forge  
  84  6:01  Nexus  
  84  6:05  Stalker x2, Probe  
  84  6:09  Probe  
  90  6:13  Probe  
  90  6:15  Pylon  
  90  6:16  Stalker  
  93  6:21  Probe  
  94  6:26  Stalker  
  94  6:28  Sentry  
  94  6:30  Protoss Ground Weapons Level 1  
  98  6:39  Pylon  
  98  6:40  Stalker  
  100  6:48  Pylon  
  100  6:49  Protoss Ground Armor Level 1  
  100  6:55  Gateway  
  100  6:57  Colossus  
  100  7:07  Photon Cannon  
  106  7:10  Pylon  
  106  7:14  Probe x3  
  109  7:17  Sentry  
  111  7:23  Probe  
  111  7:24  Assimilator  
  111  7:26  Pylon, Probe x2  
  111  7:28  Assimilator  
  111  7:29  Photon Cannon  
  114  7:31  Probe  
  114  7:33  Twilight Council  
  115  7:38  Zealot, Probe  
  115  7:40  Probe  
  115  7:41  Probe  
  120  7:47  Zealot  
  120  7:50  Stalker, Probe  
  111  7:52  Probe  
  111  7:53  Probe  
  111  7:57  Stalker  
  93  8:00  Stalker  
  93  8:02  Probe  
  80  8:07  Adept  
  77  8:13  Stalker  
  71  8:20  Sentry  
  71  8:26  Stalker  
  69  8:30  Zealot  
  71  8:34  Adept  
  71  8:35  Probe  
  71  8:37  Probe  
  62  8:51  Adept, Zealot x2, Sentry  
Tags
 
League
Master
Matchup
PvZ
Spawn Locations
Cross Positions
Add a new tag
Caveats
  • Supply blocks, unpowered buildings, or Contaminate may cause inaccurate times.
  • Supply counts are checked every 10 seconds.